 Dungeon Crawl Stone Soup version 0.29.1-13-g9f3cf754e1 (webtiles) character file.

Game seed: 7307506178681351755

196 Dillybarz the Ruffian (level 5, -4/53 HPs)
             Began as a Troll Fighter on Feb 10, 2023.
             Slain by a water moccasin (7 damage)
             ... on level 4 of the Dungeon.
             The game lasted 00:12:52 (3222 turns).

Dillybarz the Ruffian (Troll Fighter)               Turns: 3222, Time: 00:12:53

Health: -4/53      AC:  4    Str: 30    XL:     5   Next: 46%
Magic:  4/4        EV:  8    Int:  6    God:
Gold:   208        SH:  7    Dex:  9    Spells: 4/4 levels left

rFire   . . .      SeeInvis .     - Unarmed
rCold   . . .      Faith    .   b - +0 kite shield
rNeg    . . .      Spirit   .   a - +0 robe
rPois   .          Reflect  .   (helmet restricted)
rElec   .          Harm     .   (no cloak)
rCorr   .          Rampage  .   (gloves unavailable)
Will    .....                   (boots unavailable)
Stlth   +.........              (no amulet)
HPRegen 0.97/turn               o - +6 ring of strength
MPRegen 0.09/turn               (no ring)

@: lethally poisoned (-4 -> -5)
A: large, unfitting armour, claws 3, regeneration 1, shaggy fur 1, tough skin 1
a: no special abilities


You were on level 4 of the Dungeon.
You visited 2 branches of the dungeon, and saw 5 of its levels.

You collected 208 gold pieces.

Inventory:

Armour
 a - a +0 robe (worn)
 b - a +0 kite shield (worn)
Jewellery
 o - a +6 ring of strength (left claw)
Scrolls
 f - a scroll of fear {unknown}
 i - 2 scrolls of teleportation
 j - a scroll of summoning {unknown}
 l - a scroll of immolation
 m - a scroll of blinking {unknown}
 p - a scroll of poison {unknown}
Potions
 c - a potion of might
 d - a potion of attraction {unknown}
 e - a potion of cancellation
 g - a potion of brilliance
 h - 2 potions of flight
 k - 2 potions of curing {unknown}
 n - a potion of heal wounds {unknown}


   Skills:
 + Level 3.3 Fighting
 - Level 2.4 Dodging
 + Level 3.6 Shields
 * Level 4.3 Unarmed Combat


You had 4 spell levels left.
You didn't know any spells.
Your spell library contained the following spells:

 Spells                   Type           Power      Damage    Failure   Level
 Sublimation of Blood     Necr           0%         N/A       87%         2
 Gell's Gravitas          Tloc           0%         N/A       98%         3
 Teleport Other           Tloc           0%         N/A       98%         3
 Petrify                  Tmut/Erth      0%         N/A       100%        4
 Irradiate                Conj/Tmut      0%         3d11      100%        5
 Dispersal                Tloc           0%         N/A       100%        6


Dungeon Overview and Level Annotations

Branches:
Dungeon (4/15)             Temple (1/1) D:4

Altars:
Dithmenos
Elyvilon
Fedhas
Gozag
Hepliaklqana
Kikubaaqudgha
Makhleb
Nemelex Xobeh
Okawaru
Qazlal
Ru
Uskayaw
Vehumet
Xom
Zin
The Shining One

Shops:
D:3 (!


Innate Abilities, Weirdness & Mutations

You are too large for most types of armour.
You have claws for hands.
Your natural rate of healing is unusually fast.
You are covered in fur. (AC +1)
You have tough skin. (AC +1)


Message History

You scratch the water moccasin.
The water moccasin is almost dead.
You feel sick.
The water moccasin bites you but does no damage.
A dart slug comes into view.
You miss the water moccasin.
The water moccasin is almost dead.
You feel sick. The water moccasin closely misses you.
The water moccasin bites you but does no damage.
You closely miss the water moccasin.
The water moccasin is almost dead.
You feel sick.
You are no longer poisoned.
The water moccasin bites you.
You are poisoned.
The water moccasin poisons you!
You completely miss the water moccasin.
The water moccasin is almost dead.
You feel very sick. You block the water moccasin's attack.
You barely miss the water moccasin.
The water moccasin is almost dead.
You feel very sick. The water moccasin barely misses you.
The water moccasin bites you.
You barely miss the water moccasin.
The water moccasin is almost dead.
You feel sick. The water moccasin barely misses you.
You miss the water moccasin.
The water moccasin is almost dead.
You feel sick. The water moccasin bites you.
* * * LOW HITPOINT WARNING * * *
You block the water moccasin's attack.
You miss the water moccasin.
The water moccasin is almost dead.
You feel sick. The water moccasin bites you!
* * * LOW HITPOINT WARNING * * *
You barely miss the water moccasin.
The water moccasin is almost dead.
You feel sick. The water moccasin bites you!
You die...

.......~~~..........#####.....
.###+.~~~~~.........# #.....
##...~~§§~~~........# #.....
.....~§~>~§~........# #....†
##...~~§~~§~........# ###'#..
#####.~§§~~.#.......# #...#..
#......~~~..#.^.....# #.>.#..
##......#...#.......# #...#..
#......###'##@......# #...#..
#.######....S.......# #####..
## #..........[.# ...
#...w........# .##
#............# #.....########
#.....# .###### .l


You could see a water moccasin and a dart slug.

Vanquished Creatures
  A necrophage (D:4)
  An orc priest (D:4)
  2 adders
  A gnoll (D:1)
  An ufetubus (D:4)
  A worm (D:3)
  5 dart slugs
  5 orcs
  4 ball pythons
  3 bats
  3 endoplasms
  A giant cockroach (D:1)
  6 hobgoblins
  5 jackals
  10 kobolds
  5 quokkas
  2 frilled lizards (D:1)
  A goblin (D:4)
  2 rats (D:1)
59 creatures vanquished.

Notes
Turn   | Place    | Note
-------+----------+-------------------------------------------
     0 | D:1      | Dillybarz the Troll Fighter began the quest for the Orb.
     0 | D:1      | Reached XP level 1. HP: 22/22 MP: 0/0
     6 | D:1      | Noticed a black bear
     6 | D:1      | Noticed a redback
     7 | D:1      | Noticed a salamander
     7 | D:1      | Noticed a lindwurm
   105 | D:1      | Reached XP level 2. HP: 29/29 MP: 1/1
   526 | D:1      | Reached XP level 3. HP: 36/36 MP: 2/2
  1031 | D:2      | Reached skill level 3 in Unarmed Combat
  1065 | D:2      | Found a faded altar of an unknown god.
  2020 | D:3      | Reached XP level 4. HP: 44/44 MP: 3/3
  2055 | D:3      | Found an opulent altar of Gozag.
  2243 | D:3      | Found Olilom's Distillery.
  2327 | D:3      | Found Kaggecaa's Weapon Shoppe.
  2926 | D:4      | Reached XP level 5. HP: 45/53 MP: 4/4
  2955 | D:4      | Reached skill level 4 in Unarmed Combat
  2972 | D:4      | Found a staircase to the Ecumenical Temple.
  2981 | D:4      | Identified the +5 flail of the Harvest {venom, rC+}
  2998 | Temple   | Entered the Ecumenical Temple
  3197 | D:4      | Noticed a water moccasin
  3221 | D:4      | HP: 2/53 [water moccasin (8)]
  3222 | D:4      | Slain by a water moccasin

Illustrated notes

Levels and vault maps discovered:
D:1:      onia_arrival_zoo_common, layout_loops_corners
D:2:      layout_basic, hellmonk_ecumenical_altar_pennies_from_heaven,
          st_stairs_3, grunt_ministairs_10
D:3:      layout_basic, mainiacjoe_overflow_six_doors_small, serial_shops,
          nicolae_shop_crystal, shop, kennysheep_another_room,
          kennysheep_generic_room_8
D:4:      layout_gridville, ashenzari_altar_1, minmay_temple_entry_mist
Temple:   nicolae_temple_bog_church

Skill      XL: |  1  2  3  4  5 |
---------------+----------------+-----
Shields        | 3 |  3.6
Unarmed Combat | 3 4 |  4.3
Fighting       | 3 |  3.3
Dodging        | |  2.4

Action                   |  1- 3 |  4- 6 || total
-------------------------+-------+-------++-------
Melee: Unarmed           |   100 |    78 ||   178
  Use: Scroll            |     3 |     3 ||     6
 Stab: Sleeping          |     1 |       ||     1
Armor: Robe              |    25 |    15 ||    40
Dodge: Dodged            |    21 |    16 ||    37
Block: Kite shield       |    32 |    26 ||    58
